 Dungeon Crawl Stone Soup version 0.21-a0-143-g1ab7d47 (webtiles) character file.

10025 namelastname112 the Tainter (level 11, 0/92 HPs)
             Began as a White Draconian Venom Mage on July 26, 2017.
             Was an Elder of Sif Muna.
             Slain by a red ugly thing (21 damage)
             ... on level 11 of the Dungeon.
             The game lasted 00:34:25 (16053 turns).

namelastname112 the Tainter (DrVM)                 Turns: 16053, Time: 00:34:25

Health: 0/92       AC: 12    Str: 10    XL:     11   Next: 30%
Magic:  10/23      EV: 15    Int: 19    God:    Sif Muna [****..]
Gold:   725        SH:  0    Dex: 14    Spells: 15/26 levels left

rFire    . . .     SeeInvis .   m - +2 dagger (drain)
rCold    + + .     Gourm    .   (no shield)
rNeg     . . .     Faith    .   (armour unavailable)
rPois    .         Spirit   .   (helmet restricted)
rElec    .         Reflect  .   (no cloak)
rCorr    .         Harm     .   n - +1 pair of gloves
MR       +....                  j - +2 pair of boots {Stlth+}
Stlth    +++.......             (no amulet)
HPRegen  0.25/turn              F - ring of protection from cold
MPRegen  0.18/turn              B - ring of wizardry

@: short of breath
A: breathe frost, unfitting armour, agile 1, cold resistance 1, magic resistance
1, mutation resistance 1, cold-blooded, AC +7
a: Breathe Frost, Divine Energy, Channel Magic, Forget Spell, Renounce Religion


You were on level 11 of the Dungeon.
You worshipped Sif Muna.
Sif Muna was greatly pleased with you.
You were not hungry.

You visited 1 branch of the dungeon, and saw 11 of its levels.
You also visited: Sewer and Bailey.

You collected 725 gold pieces.

Inventory:

Hand Weapons
 m - a +2 dagger of draining (weapon)
 y - a +1 blowgun
Missiles
 r - 6 curare-tipped needles
Armour
 j - a +2 pair of boots of stealth (worn)
 n - a +1 pair of gloves (worn)
Jewellery
 B - a ring of wizardry (right hand)
 F - a ring of protection from cold (left hand)
Wands
 e - a wand of digging (10/24)
 i - a wand of digging (11/24)
 k - a wand of acid (0/15)
 u - a wand of confusion (14/48)
 D - a wand of polymorph (8/24)
Scrolls
 h - 2 scrolls of identify
 l - 2 scrolls of magic mapping
 o - 2 scrolls of remove curse
 t - a scroll of enchant weapon
 A - 3 scrolls of recharging
 G - a scroll of acquirement {unknown}
Potions
 g - 10 potions of curing
 p - 3 potions of haste
 q - 4 potions of might
 s - 2 potions of cancellation
 v - 4 potions of brilliance
 w - 2 potions of lignification
 x - 3 potions of agility
 z - a potion of flight
 C - 3 potions of magic
 H - a potion of berserk rage
 I - 7 potions of heal wounds
 J - 2 potions of mutation
Books
 a - a Young Poisoner's Handbook

   Spells                             Type                      Level
   a - Sting                          Conjuration/Poison           1
   b - Poisonous Vapours              Poison/Air                   2
   c - Mephitic Cloud                 Conjuration/Poison/Air       3
   d - Olgreb's Toxic Radiance        Poison                       4
   e - Venom Bolt                     Conjuration/Poison           5
 d - a book of Air

   Spells                             Type                      Level
   a - Shock                          Conjuration/Air              1
   b - Swiftness                      Charms/Air                   2
   c - Static Discharge               Conjuration/Air              3
   d - Airstrike                      Air                          4
   e - Lightning Bolt                 Conjuration/Air              5
 E - a book of Geomancy

   Spells                             Type                      Level
   a - Sandblast                      Earth                        1
   b - Passwall                       Transmutation/Earth          2
   c - Stone Arrow                    Conjuration/Earth            3
   d - Petrify                        Transmutation/Earth          4
   e - Lee's Rapid Deconstruction     Earth                        5
Comestibles
 b - 8 bread rations
 c - 10 fruits
 f - 3 meat rations


   Skills:
 + Level 7.0 Fighting
 + Level 6.1 Dodging
 - Level 1.7 Stealth
 + Level 8.0 Spellcasting
 + Level 8.0 Conjurations
 - Level 8.5 Poison Magic
 + Level 6.7 Invocations


You had 15 spell levels left.
You knew the following spells:

 Your Spells              Type           Power        Failure   Level  Hunger
a - Olgreb's Toxic Radia  Pois           #####...     1%          4    ###....
b - Lightning Bolt        Conj/Air       ###.......   19%         5    #####..
x - Poisonous Vapours     Pois/Air       ###...       1%          2    None


Dungeon Overview and Level Annotations

Branches:
Dungeon (11/15)            Temple (0/1) D:5            Lair (0/6) D:9
    Orc (0/2) D:11

Altars:
Dithmenos
Hepliaklqana
Qazlal
Sif Muna
Vehumet
Wu Jian

Shops:
D:4 (   D:11 }


Innate Abilities, Weirdness & Mutations

You can breathe waves of freezing cold.
You can buffet flying creatures when you breathe cold.
Your icy white scales are hard. (AC +7)
You cannot fit into any form of body armour.
Your flesh is cold resistant. (rC+)
You are cold-blooded and may be slowed by cold attacks.
You are agile. (Dex +2)
You are resistant to hostile enchantments. (MR+)
You are somewhat resistant to further mutation.


Message History

The red ugly thing is heavily wounded.
You are starving!
The red ugly thing trunk-slaps you!
You are engulfed in flames!!
You take 29 damage, and have 52/92 hp.
MASSIVE DAMAGE!!
You now have 10/23 mp.
You don't have the energy to cast that spell.
You eat one of the 4 meat rations.
That meat ration really hit the spot!
The orc hits you but does no damage. The red ugly thing trunk-slaps you.
You are engulfed in flames!
You take 20 damage, and have 32/92 hp.
MASSIVE DAMAGE!!
The red ugly thing trunk-slaps you!
* * * LOW HITPOINT WARNING * * *
You are engulfed in flames!!
* * * LOW HITPOINT WARNING * * *
You take 29 damage, and have 3/92 hp.
MASSIVE DAMAGE!!
Okay, then.
Okay, then.
You feel much better. The orc misses you. The red ugly thing trunk-slaps you!
* * * LOW HITPOINT WARNING * * *
You are engulfed in flames!!
You die...

..#............#......#
..#............#......#
..#............#.....$*
#.#............#....#**
#.#............#....#
#.'..†.........#....#
#.#........###'#....##
#.#........#....u....#
..#....#####....@o...#
..#....#............$#
..######.......>.....#
.....<...............#
.....................#
............###..#####
............* #..#
........[..,* #..#
#########**** *,,*


You could see a red ugly thing and an orc.

Vanquished Creatures
  Erica (D:8)
  An orc knight (Bailey)
  Joseph (D:7)
  4 hippogriffs
  A dream sheep (D:8)
  5 yaks (D:9)
  A wyvern (D:10)
  A basilisk (D:9)
  A hungry ghost (D:9)
  Menkaure (D:7)
  2 porcupines (D:9)
  2 water moccasins (D:10)
  2 ice beasts
  5 orc warriors
  2 phantoms (D:6)
  7 sky beasts
  4 necrophages
  6 ogres
  7 centaurs
  2 crocodiles (D:9)
  2 big kobolds (D:7)
  3 bullfrogs
  3 scorpions
  6 wights (D:9)
  8 killer bees
  2 howler monkeys
  5 crimson imps
  A bullfrog zombie (D:10)
  5 hounds
  3 jellies
  10 orc wizards
  2 bullfrog skeletons
  7 orc priests
  4 gnoll shamans (D:7)
  4 iguanas
  3 worker ants
  A hound skeleton (D:5)
  2 worker ant zombies
  2 howler monkey skeletons
  23 adders
  30 gnolls
  4 river rats (Sewer)
  3 shadow imps
  An ooze (D:5)
  An adder zombie (D:6)
  3 adder skeletons
  3 worms
  A dart slug (D:2)
  11 leopard geckos
  21 orcs
  4 ball pythons (Sewer)
  8 giant cockroaches
  9 goblins
  12 hobgoblins
  4 jackals (D:3)
  3 quokkas
  10 bats
  5 frilled lizards
  3 jackal skeletons
  33 kobolds
  26 rats
347 creatures vanquished.

Vanquished Creatures (others)
  3 bushes (D:9)
  9 fungi
  37 plants
49 creatures vanquished.

Grand Total: 396 creatures vanquished

Notes
Turn   | Place    | Note
-------+----------+-------------------------------------------
     0 | D:1      | namelastname112 the Draconian Venom Mage began the quest for the Orb.
     0 | D:1      | Reached XP level 1. HP: 14/14 MP: 3/3
   313 | D:1      | Reached XP level 2. HP: 19/20 MP: 0/5
   329 | D:1      | Learned a level 2 spell: Poisonous Vapours
   759 | D:2      | Reached XP level 3. HP: 24/26 MP: 1/6
  1220 | D:2      | Reached XP level 4. HP: 33/33 MP: 3/8
  2215 | D:3      | Found a glowing drain.
  2235 | D:3      | Reached XP level 5. HP: 37/38 MP: 5/10
  2274 | Sewer    | Entered a sewer
  3214 | Sewer    | Wingboner: Просочился в канализацию.
  3219 | Sewer    | namelastname112: а то
  3528 | D:3      | Noticed a centaur
  3532 | D:3      | Wingboner: Да, ты в курсе, что монахам выдали оружие?
  3541 | D:3      | Killed a centaur
  3541 | D:3      | Reached XP level 6. HP: 38/45 MP: 2/12
  3582 | D:3      | namelastname112: да
  3582 | D:3      | namelastname112: видел
  3934 | D:3      | Wingboner: Я два раза далеко доходил в своих попытках духз и ловил бан.
  3945 | D:2      | Wingboner: Это походу самое сложное.
  3968 | D:2      | Wingboner: Не помереть проще, чем бан не поймать.
  4579 | D:3      | namelastname112: ну
  4579 | D:3      | namelastname112: сейчас вроде меньше уродов банят
  4614 | D:3      | Reached skill level 5 in Poison Magic
  4614 | D:3      | Your scales start taking on an icy white colour.
  4614 | D:3      | Reached XP level 7. HP: 26/50 MP: 0/13
  4614 | D:3      | Gained mutation: Your flesh is cold resistant. (rC+) [White Draconian growth]
  4865 | D:3      | Wingboner: Одну руну даже вынес, а потом на 7 этаже второго ада поймал бан от рипера.
  5042 | D:4      | Found Deuxtorulu's Antique Weapon Shoppe.
  5338 | D:4      | Reached skill level 5 in Spellcasting
  5470 | D:4      | Found a hazy altar of Hepliaklqana.
  5672 | D:4      | Found a stormy altar of Qazlal.
  5679 | D:4      | Found a radiant altar of Vehumet.
  5682 | D:4      | Found a deep blue altar of Sif Muna.
  5701 | D:4      | namelastname112: ммм
  5701 | D:4      | namelastname112: сиф или вех
  5705 | D:4      | Became a worshipper of Sif Muna the Loreminder
  5849 | D:5      | Entered Level 5 of the Dungeon
  5903 | D:5      | Reached skill level 1 in Fighting
  6111 | D:5      | Learned a level 4 spell: Olgreb's Toxic Radiance
  6121 | D:5      | Reached skill level 1 in Invocations
  6129 | D:5      | Reached skill level 5 in Conjurations
  6351 | D:5      | Reached XP level 8. HP: 52/59 MP: 15/15
  6776 | D:5      | Found a staircase to the Ecumenical Temple.
  7237 | D:5      | Gained mutation: Your spells are a little easier to cast, but a little less powerful. [potion of mutation]
  7237 | D:5      | Gained mutation: You have an increased reservoir of magic. (+10% MP) [potion of mutation]
  7238 | D:5      | Lost mutation: Your spells are a little easier to cast, but a little less powerful. [potion of mutation]
  7238 | D:5      | Lost mutation: You have an increased reservoir of magic. (+10% MP) [potion of mutation]
  7238 | D:5      | Gained mutation: You are clumsy. (Dex -2) [potion of mutation]
  7238 | D:5      | Gained mutation: You have large cloven feet. [potion of mutation]
  7238 | D:5      | Gained mutation: You passively map a small area around you. [potion of mutation]
  7833 | D:7      | Noticed a hippogriff
  8191 | D:6      | Reached * piety under Sif Muna
  8290 | D:6      | Wingboner: йЕсли б я был тут тогда, то сказал бы, что Сиф. Новая Сиф жжот.\
  8982 | D:5      | Wingboner: Первая абилка постоянно пригождается, вторая имба в случае серьёзных проблем, ну и дарение книжек на одну звезду раньше, чем было, очень сильно улучшило всё.
  9165 | D:7      | Reached XP level 9. HP: 60/68 MP: 3/17
  9457 | D:7      | Wingboner: Кстати, как тебе травилка?
  9845 | D:7      | Noticed Joseph
  9867 | D:7      | Killed Joseph
  9867 | D:7      | Reached ** piety under Sif Muna
 10003 | D:7      | Wingboner: Знаешь, что вся гниль снимается одной любой бутылкой лечения?
 10045 | D:7      | namelastname112: lf
 10045 | D:7      | namelastname112: да
 10045 | D:7      | namelastname112: тоже помню
 10091 | D:7      | Noticed Menkaure
 10473 | D:8      | Learned a level 5 spell: Lightning Bolt
 10542 | D:8      | Found a shadowy altar of Dithmenos.
 10628 | D:8      | Found an ornate altar of the Wu Jian Council.
 10802 | D:8      | Reached skill level 5 in Fighting
 10802 | D:8      | Reached XP level 10. HP: 71/81 MP: 15/20
 10830 | D:8      | Reached skill level 5 in Invocations
 10856 | D:8      | Noticed Erica
 11565 | D:7      | Killed Menkaure
 11895 | D:7      | Reached skill level 5 in Dodging
 12144 | D:8      | Reached *** piety under Sif Muna
 12269 | D:8      | Killed Erica
 12286 | D:8      | Lost mutation: You passively map a small area around you. [potion of mutation]
 12286 | D:8      | Lost mutation: You are clumsy. (Dex -2) [potion of mutation]
 12286 | D:8      | Lost mutation: You have large cloven feet. [potion of mutation]
 12286 | D:8      | Gained mutation: You are weak. (Str -2) [potion of mutation]
 12286 | D:8      | Gained mutation: You are resistant to hostile enchantments. (MR+) [potion of mutation]
 12286 | D:8      | Gained mutation: You are agile. (Dex +2) [potion of mutation]
 12286 | D:8      | Gained mutation: You are somewhat resistant to further mutation. [potion of mutation]
 12438 | D:8      | Noticed a three-headed hydra
 13566 | D:9      | Reached XP level 11. HP: 75/91 MP: 4/22
 13829 | D:9      | Lost mutation: You are weak. (Str -2) [potion of mutation]
 13991 | D:9      | Found a staircase to the Lair.
 14162 | D:10     | Entered Level 10 of the Dungeon
 14484 | D:10     | Reached **** piety under Sif Muna
 14855 | D:11     | Found Pioz's Gadget Shoppe.
 14864 | D:11     | Found a staircase to the Orcish Mines.
 14882 | D:11     | Found a flagged portal.
 14891 | D:11     | Got a smoking hand axe
 14893 | D:11     | Identified the cursed +2 hand axe of Chance {antimagic, +Fly rF+} (You found it on level 11 of the Dungeon)
 14898 | Bailey   | Entered a bailey
 15484 | Bailey   | Noticed an orc knight
 15526 | Bailey   | Killed an orc knight
 16042 | D:11     | Noticed a red ugly thing
 16052 | D:11     | HP: 3/92 [red ugly thing (21)]
 16053 | D:11     | Slain by a red ugly thing

Vault maps used:
D:1:      kennysheep_arrival_forest
D:3:      gup_sewer_entry_glass
D:4:      minmay_door_path, nicolae_overflow_hidden_temple,
          grunt_temple_overflow_diamond, serial_shops,
          nicolae_shop_overgrown_old_shop, first_bread
D:5:      minmay_temple_entry_nine_rooms, serial_glass, glass_columns_b,
          glass_columns_a
D:7:      kennysheep_seaside_town, uniq_joseph, uniq_menkaure
D:8:      minitemple, minmay_misc_feat_tower, hangedman_ranch, uniq_erica
D:9:      minmay_lair_entry_grove
D:11:     minmay_the_grid_four_pointed_star, orc_0_dummy, serial_shops, shop,
          enter_bailey_2
Sewer:    sewer_minmay_treatment
Bailey:   bailey_axe_2, bailey

Skill      XL: |  1  2  3  4  5  6  7  8  9 10 11 |
---------------+----------------------------------+-----
Conjurations   | 2 3 4 5 6 7 8 |  8.0
Spellcasting   | 3 4 5 6 7 8 |  8.0
Poison Magic   | 4 5 6 7 8 |  8.5
Fighting       | 1 3 5 6 7 |  7.0
Dodging        | 2 3 4 5 6 |  6.1
Invocations    | 1 3 4 6 |  6.7
Stealth        | |  1.7

Action                   |  1- 3 |  4- 6 |  7- 9 | 10-12 || total
-------------------------+-------+-------+-------+-------++-------
Melee: Unarmed           |     8 |       |       |       ||     8
       Tailslap          |     4 |     7 |    44 |    46 ||   101
       Whip              |    25 |    81 |    58 |       ||   164
       Dagger            |       |       |   418 |   309 ||   727
 Cast: Sting             |    42 |   161 |   101 |       ||   304
       Poisonous Vapours |     7 |    34 |    75 |   116 ||   232
       Olgreb's Toxic Ra |       |       |     6 |     9 ||    15
       Lightning Bolt    |       |       |     3 |    40 ||    43
Invok: Divine Energy     |       |       |       |     4 ||     4
       Stop Divine Energ |       |       |       |     4 ||     4
 Abil: Breathe Frost     |       |       |    16 |    14 ||    30
Evoke: Wand              |       |       |     3 |     8 ||    11
  Use: Potion            |       |     3 |     4 |     4 ||    11
       Scroll            |       |       |    19 |     8 ||    27
 Stab: Sleeping          |       |       |     2 |     1 ||     3
  Eat: Chunk             |     2 |     9 |    14 |    12 ||    37
       Royal jelly       |       |     1 |     5 |     3 ||     9
       Fruit             |       |       |     2 |     1 ||     3
       Meat ration       |       |       |       |     4 ||     4
Armor: Skin              |    17 |    50 |   198 |   112 ||   377
Dodge: Dodged            |    45 |    91 |   297 |   281 ||   714
